 Dungeon Crawl Stone Soup version 0.30-b1-2-g02819fbbbe (webtiles) character file.

Game seed: 6708693164910991019

2029 LLlMATKO the Cleaver (level 9, -4/118 (121) HPs)
             Began as a Minotaur Berserker on Nov 25, 2023.
             Was a Priest of Trog.
             Succumbed to a wight's poison
             ... on level 7 of the Dungeon on Nov 26, 2023.
             The game lasted 00:05:11 (5261 turns).

LLlMATKO the Cleaver (Minotaur Berserker)           Turns: 5261, Time: 00:05:11

HP:   -4/118 (121)  AC: 14    Str: 26    XL:     9   Next: 3%
MP:   8/8           EV: 10    Int:  4    God:    Trog [***...]
Gold: 290           SH:  3    Dex: 10    Spells: 8/8 levels left

rFire   . . .        I - +2 war axe (drain)
rCold   . . .        H - +0 buckler
rNeg    . . .        c - +0 chain mail
rPois   .            (helmet restricted)
rElec   .            E - +0 cloak
rCorr   .            v - +0 pair of gloves
SInv    .            o - +0 pair of boots
Will    .....        (no amulet) Stlth
                     (no ring)
HPRegen 0.39/turn    (no ring)
MPRegen 0.11/turn

%: no passive effects
@: berserking, lethally poisoned (-4 -> -30), lightly drained, very quick
A: horns 2, retaliatory headbutt
a: Renounce Religion, Berserk, Trog's Hand


You were on level 7 of the Dungeon.
You worshipped Trog.
Trog was most pleased with you.
You visited 1 branch of the dungeon, and saw 7 of its levels.

You collected 290 gold pieces.

Inventory:

Hand Weapons
 r - a +2 battleaxe of venom
 D - a +3 war axe
 I - a +2 war axe of draining (weapon)
Missiles
 i - 3 curare-tipped darts (quivered)
 m - 11 poisoned darts
 F - a throwing net
Armour
 c - a +0 chain mail (worn)
 o - a +0 pair of boots (worn)
 v - a +0 pair of gloves (worn)
 E - a +0 cloak (worn)
 H - a +0 buckler (worn)
Jewellery
 B - an amulet of regeneration
Scrolls
 e - 2 scrolls of teleportation {unknown}
 g - 8 scrolls of identify {unknown}
 j - 3 scrolls of amnesia {unknown}
 k - 4 scrolls of blinking {unknown}
 l - 2 scrolls of poison {unknown}
 n - a scroll of silence {unknown}
 p - 2 scrolls of enchant weapon {unknown}
 q - a scroll of fear {unknown}
 y - 2 scrolls of immolation {unknown}
 A - a scroll of enchant armour {unknown}
Potions
 b - 3 potions of might {unknown}
 d - 2 potions of invisibility {unknown}
 f - 5 potions of curing {unknown}
 h - a potion of lignification {unknown}
 s - a potion of haste {unknown}
 t - 2 potions of ambrosia {unknown}
 u - a potion of magic {unknown}
 w - 2 potions of mutation {unknown}
 z - a potion of degeneration {unknown}
 C - 3 potions of attraction {unknown}
 G - a potion of brilliance {unknown}


   Skills:
 + Level 7.9 Fighting
 + Level 8.0 Axes
 + Level 7.4 Armour
 + Level 6.7 Dodging
 + Level 1.1 Shields


You had 8 spell levels left.
You didn't know any spells.
Your spell library was empty.

Dungeon Overview and Level Annotations

Branches:
Dungeon (7/15)             Temple (0/1) D:6

Altars:
Ashenzari
Hepliaklqana
Okawaru
Yredelemnul

Shops:
D:3 ?

Annotations:
D:4 3 runed translucent doors, NimIero's ghost, amateur NaFE
D:6 1 runed translucent door, Phaedo's ghost, novice FeEn


Innate Abilities, Weirdness & Mutations

You have a pair of horns on your head.
You reflexively headbutt those who attack you in melee.


Message History

The wight barely misses you. The wight hits you with a +0 scimitar!
The wight hits you with a +2 spear of venom!
You are more poisoned.
Unknown command.
Unknown command.
You hit the wight.
The wight is lightly damaged.
You barely miss the wight. You hit the wight.
* * * LOW HITPOINT WARNING * * *
You feel extremely sick. The wight closely misses you.
The wight hits you but does no damage.
You are more poisoned.
The wight barely misses you. You furiously retaliate!
You headbutt the wight!
You destroy the wight!
Trog accepts your kill.
Your Axes skill increases to level 8!
Your Shields skill increases to level 1!
A red film seems to cover your vision as you go berserk!
You feel yourself moving faster!
You feel mighty!
* * * LOW HITPOINT WARNING * * *
You feel extremely sick. The wight hits you with a +0 scimitar.
* * * LOW HITPOINT WARNING * * *
You feel drained.
* * * LOW HITPOINT WARNING * * *
You block the wight's attack.
You slash the wight!
The wight is severely damaged.
You hit the wight.
* * * LOW HITPOINT WARNING * * *
You feel very sick. The wight closely misses you. The wight barely misses you.
Unknown command.
Unknown command.
You barely miss the wight.
The wight is severely damaged.
You slash the wight!
You destroy the wight!
Trog accepts your kill.
You die...

..... #.....
#########......
#..........$...
.........._.#
..........?
#)z).8....
#)@.......
##._.....#
#........#
#.##...### #.#
#### #####.#######
#............
######'###########
#.............


You could see a wight.

Vanquished Creatures
  Grinder (D:3)
  A water moccasin (D:6)
  2 ice beasts
  An ogre (D:5)
  2 black bears (D:6)
  A centaur (D:6)
  A phantom (D:5)
  A scorpion (D:4)
  7 wights
  5 killer bees (D:5)
  An orc priest (D:4)
  A gnoll bouda (D:6)
  A jelly (D:6)
  A hound (D:4)
  3 orc wizards
  An iguana (D:6)
  3 sleepcaps (D:6)
  4 gnolls (D:6)
  11 adders
  2 shadow imps
  A white imp (D:5)
  An ufetubus (D:5)
  3 dart slugs
  7 orcs
  5 ball pythons
  5 bats
  5 endoplasms
  6 giant cockroaches
  5 goblins
  7 hobgoblins
  3 jackals (D:5)
  4 kobolds
  8 quokkas
  2 frilled lizards
  3 rats
  A spectral orc (D:3)
116 creatures vanquished.

Notes
Turn   | Place    | Note
-------+----------+-------------------------------------------
     0 | D:1      | LLlMATKO the Minotaur Berserker began the quest for the
                  | Orb.
     0 | D:1      | Reached XP level 1. HP: 19/19 MP: 0/0
   237 | D:1      | Reached XP level 2. HP: 27/27 MP: 1/1
   550 | D:1      | Reached skill level 4 in Axes
  1017 | D:2      | Reached XP level 3. HP: 33/33 MP: 2/2
  1195 | D:2      | Reached ** piety under Trog
  1790 | D:3      | Found a hazy altar of Hepliaklqana.
  1924 | D:3      | Reached XP level 4. HP: 40/40 MP: 3/3
  1940 | D:3      | Identified the +9 falchion "Lisien" {elec, *Corrode rF+ rN+
                  | Str+3}
  2106 | D:3      | Noticed Grinder
  2110 | D:3      | Paralysed by Grinder for 2 turns
  2112 | D:3      | Found Cothruolu's Magic Scroll Shop.
  2117 | D:3      | Paralysed by Grinder for 4 turns
  2125 | D:3      | Killed Grinder
  2126 | D:3      | Reached skill level 5 in Fighting
  2126 | D:3      | Reached skill level 5 in Axes
  2126 | D:3      | Reached XP level 5. HP: 27/48 MP: 4/4
  2126 | D:3      | Reached XP level 6. HP: 31/56 MP: 5/5
  2431 | D:3      | Found a basalt altar of Yredelemnul.
  2541 | D:4      | Found a runed translucent gate.
  2543 | D:4      | Noticed NimIero's ghost (amateur NaFE)
  2567 | D:4      | Found a runed translucent gate.
  2567 | D:4      | Found a runed translucent gate.
  3007 | D:5      | Entered Level 5 of the Dungeon
  3234 | D:5      | Reached *** piety under Trog
  3401 | D:5      | Reached skill level 5 in Armour
  3401 | D:5      | Reached XP level 7. HP: 38/62 MP: 6/6
  3503 | D:5      | Reached skill level 6 in Axes
  3511 | D:5      | Reached skill level 5 in Dodging
  4126 | D:6      | Reached XP level 8. HP: 57/71 MP: 7/7
  4128 | D:6      | Reached skill level 7 in Axes
  4468 | D:6      | Found a runed translucent door.
  4471 | D:6      | Noticed Phaedo's ghost (novice FeEn)
  4792 | D:6      | Found a staircase to the Ecumenical Temple.
  5249 | D:7      | Found a broken altar of Ashenzari.
  5249 | D:7      | Found an iron altar of Okawaru.
  5255 | D:7      | Reached XP level 9. HP: 81/81 MP: 8/8
  5259 | D:7      | Reached skill level 8 in Axes
  5259 | D:7      | Reached skill level 1 in Shields
  5260 | D:7      | HP: 1/118 [poisoned by a wight]
  5261 | D:7      | Succumbed to a wight's poison

Illustrated notes

Levels and vault maps discovered:
D:1:      sevenhm_arrival_forest_fort_small_6, layout_basic
D:2:      layout_loops_ring
D:3:      layout_basic, yredelemnul_forgotten_temple_becter,
          mainiacjoe_overflow_alcove_2, serial_shops, shop, serial_bayou_pond_e,
          st_stairs_10, feat_on_display, uniq_grinder
D:4:      layout_rooms, gammafunk_ghost_split
D:5:      layout_layer_cave
D:6:      layout_basic, temple_doors_cd, hellmonk_ghost_happy_afterlife
D:7:      layout_basic, grunt_temple_overflow_open, minmay_manual_mares,
          uniq_prince_ribbit1

Skill      XL: |  1  2  3  4  5  6  7  8  9 |
---------------+----------------------------+-----
Axes           | 4 5 6 7 8 |  8.0
Fighting       | 4 5 6 7 |  7.9
Armour         | 3 4 5 6 7 |  7.4
Dodging        | 3 4 5 6 |  6.7
Shields        | 1 |  1.1

Action                     |  1- 3 |  4- 6 |  7- 9 || total
---------------------------+-------+-------+-------++-------
  Melee: Hand axe          |    78 |    16 |       ||    94
         Headbutt          |    13 |     7 |    10 ||    30
         Battleaxe         |       |    60 |    65 ||   125
         War axe           |       |       |    10 ||    10
 Invoke: Berserk           |       |       |     3 ||     3
 Armour: Chain mail        |    39 |    46 |    67 ||   152
         Animal skin       |     1 |       |       ||     1
  Dodge: Dodged            |    38 |    42 |    69 ||   149
  Block: Buckler           |       |       |     4 ||     4
